 Dungeon Sprint DCSS version 0.27-a0-1090-gb115f176c6 (webtiles) character file.

Game seed: 12260939948892490902

72 mhtbhm the Firebug (level 4, -13/24 HPs)
             Began as a Deep Elf Fire Elementalist on Apr 27, 2021.
             Was an Initiate of Vehumet.
             Mangled by a +5 trident of venom (21 damage)
             ... in the Dungeon (Sprint V: "Ziggurat Sprint").
             The game lasted 00:00:45 (111 turns).

mhtbhm the Firebug (Deep Elf Fire Elementalist)      Turns: 111, Time: 00:00:46

Health: -13/24     AC:  5    Str:  5    XL:     4   Next: 6%
Magic:  9/13       EV: 13    Int: 33    God:    Vehumet [......]
Gold:   0          SH:  0    Dex: 15    Spells: 2/13 levels left

rFire    + . .     SeeInvis .   C - +8 lance "Wyrmbane" {slay drac, rPois rF+ rC+ AC+3}
rCold    + . .     Faith    .   (no shield)
rNeg     . . .     Spirit   .   a - +0 robe
rPois    +         Reflect  .   (no helmet)
rElec    .         Harm     .   (no cloak)
rCorr    .         Rampage  .   (no gloves)
Will     .....     NoTele   +   (no boots)
Stlth    +++.......             (no amulet)
HPRegen  0.08/turn              u - +6 ring of intelligence
MPRegen  0.13/turn              v - +6 ring of intelligence

@: no status effects
A: no striking features
a: Renounce Religion


You were in the Dungeon.
You worshipped Vehumet.
Vehumet was noncommittal.
You visited 1 branch

Inventory:

Hand Weapons
 C - the +8 lance "Wyrmbane" (weapon) {slay drac, rPois rF+ rC+ AC+3}
   (You found it in the Dungeon)

   It affects your AC (+3).
   It protects you from fire.
   It protects you from cold.
   It protects you from poison.
Armour
 a - a +0 robe (worn)
Jewellery
 u - a +6 ring of intelligence (left hand)
 v - a +6 ring of intelligence (right hand)
Wands
 y - a wand of mindburst (7)
 z - a wand of iceblast (5)
 A - a wand of acid (7)
Scrolls
 h - 4 scrolls of blinking
 m - 4 scrolls of amnesia
 n - 7 scrolls of fog
 o - a scroll of holy word
 p - 5 scrolls of identify
 q - 2 scrolls of fear
Potions
 b - 2 potions of brilliance
 c - 10 potions of curing
 d - 10 potions of heal wounds
 e - 6 potions of haste
 f - 7 potions of magic
 g - 3 potions of berserk rage
 i - 2 potions of invisibility
 j - 4 potions of resistance
 k - a potion of experience
 l - 5 potions of might
Miscellaneous
 B - a lightning rod (4/4)


   Skills:
 + Level 4.1 Dodging
 + Level 3.9 Stealth
 + Level 5.3 Spellcasting
 + Level 1.3 Conjurations
 + Level 7.3 Fire Magic
 + Level 0.9 Evocations


You had 2 spell levels left.
You knew the following spells:

 Your Spells              Type           Power      Damage    Failure   Level
a - Foxfire               Conj/Fire      100%       2x1d9     1%          1
b - Conjure Flame         Conj/Fire      37%        6-21      2%          3
c - Inner Flame           Hex/Fire       33%        N/A       3%          3
d - Sticky Flame          Conj/Fire      37%        2d6       8%          4

Your spell library contained the following spells:

 Spells                   Type           Power      Damage    Failure   Level
 Fireball                 Conj/Fire      18%        3d9       22%         5


Dungeon Overview and Level Annotations

Branches:
Dungeon (1/1)

Altars:
Ashenzari
Cheibriados
Dithmenos
Elyvilon
Fedhas
Gozag
Hepliaklqana
Kikubaaqudgha
Makhleb
Nemelex Xobeh
Okawaru
Qazlal
Ru
Sif Muna
Trog
Uskayaw
Vehumet
Wu Jian
Xom
Yredelemnul
Zin
The Shining One
Beogh
Jiyva
Lugonu

Annotations:
D 1 transporter


Message History

There is a +5 trident of venom.
The deep elf pyromancer shouts!
Found a scarf of resistance, a phantom mirror and a book of Burglary.
Found a transporter.
Casting: Foxfire (safe; 1% risk of failure)
Confirm with . or Enter, or press ? or * to list all spells.
You don't know that spell.
Aiming: Iceblast
Press: ? - help, Shift-Dir - straight line, f - deep elf pyromancer
Aim: a deep elf pyromancer, wielding a +0 long sword and wearing a +0 leather armour The mass of ice explodes!
The iceblast engulfs the deep elf pyromancer!
The deep elf pyromancer is moderately wounded.
The iceblast engulfs the +5 trident of venom!
The +5 trident of venom partially resists.
The +5 trident of venom is moderately damaged.
The iceblast engulfs the deep elf pyromancer!
The deep elf pyromancer is moderately wounded.
The deep elf pyromancer shouts!
The deep elf pyromancer casts a spell.
The deep elf pyromancer blinks!
Unknown command.
Unknown command.
Unknown command.
Casting: Foxfire (safe; 1% risk of failure)
Confirm with . or Enter, or press ? or * to list all spells.
The spell is extremely dangerous to cast (8% risk of failure)!
Continue anyway?
Aiming: Sticky Flame (extremely dangerous; 8% risk of failure)
Press: ? - help, Shift-Dir - straight line, f/p - deep elf pyromancer
Aim: a deep elf pyromancer, wielding a +0 long sword and wearing a +0 leather armour (moderately wounded, 100% to hit)
The sticky flame hits the deep elf pyromancer!
The deep elf pyromancer is severely wounded.
The deep elf pyromancer is covered in liquid flames!
The deep elf pyromancer burns!
The +5 trident of venom hits you from afar!
Ouch! That really hurt!
The deep elf pyromancer hits you but does no damage.
The +5 trident of venom hits you from afar!!
Ouch! That really hurt!
You die...

▓▓▓▓▓▓▓▓▓▓▓▓▓
▓.8©8.▓.8©8.▓
▓.:[}.▓.....▓
▓..§..▓.).}.▓
▓.....▓.....▓
▓..(e.▓.....▓
▓.....▓..©..▓
▓.e@..▓▓▓▓▓▓▓
▓▓▓▓▓▓▓


You could see 2 deep elf pyromancers and a +5 trident of venom.

Vanquished Creatures
  A bullfrog (D)
  A river rat (D)
2 creatures vanquished.

Notes
Turn   | Place    | Note
-------+----------+-------------------------------------------
     0 | D        | mhtbhm the Deep Elf Fire Elementalist began the quest for
                  | the Orb.
     0 | D        | Reached XP level 1. HP: 10/10 MP: 6/6
     0 | D        | Found a shimmering blue altar of Sif Muna.
     0 | D        | Found a bloodstained altar of Trog.
     0 | D        | Found a sacrificial altar of Ru.
     0 | D        | Found a stormy altar of Qazlal.
     0 | D        | Found an iron altar of Okawaru.
     1 | D        | Found a sparkling altar of Nemelex Xobeh.
     1 | D        | Found a blossoming altar of Fedhas.
     2 | D        | Found the +6 Majin-Bo {vamp, MP+6 Int+6}
     2 | D        | Found the +9 heavy crossbow "Sniper" {vorpal, Acc+∞ SInv}
     2 | D        | Found the +10 dark maul {vorpal}
     2 | D        | Found the +15 Maxwell's patent armour {-Cast -Tele rElec
                  | Will+ rCorr}
     2 | D        | Found the +18 shield of the Gong {rElec rN+ Will+ EV-5}
     2 | D        | Found the +14 obsidian axe {vorpal, Drain Fly SInv}
     2 | D        | Found the +7 great mace "Firestarter" {inner flame, rF++}
     2 | D        | Found the +6 shillelagh "Devastator" {shatter}
     2 | D        | Found the +11 plutonium sword {Contam Stlth-}
     2 | D        | Found the +8 lance "Wyrmbane" {slay drac, rPois rF+ rC+
                  | AC+3}
     2 | D        | Found the +9 sword of Zonguldrok {reap}
     2 | D        | Found the +13 scythe of Curses {drain, Drain}
     2 | D        | Found the +5 sword of Power {vorpal}
     2 | D        | Found the +7 mace of Variability {chain chaos}
     2 | D        | Found the +7 Singing Sword {vorpal, sonic wave}
     2 | D        | Found the +8 storm bow {elec, penet}
     3 | D        | Found a transporter.
     3 | D        | Found an ancient bone altar of Kikubaaqudgha.
     3 | D        | Found a viscous altar of Jiyva.
     3 | D        | Found a corrupted altar of Lugonu.
     3 | D        | Found a hazy altar of Hepliaklqana.
     3 | D        | Found a burning altar of Makhleb.
     3 | D        | Found an opulent altar of Gozag.
    35 | D        | Became a worshipper of Vehumet
    56 | D        | Entered arena 2.
    56 | D        | Noticed a bullfrog
    56 | D        | Found a transporter.
    59 | D        | Reached skill level 4 in Fire Magic
    59 | D        | Reached XP level 2. HP: 15/15 MP: 6/8
    59 | D        | Killed a bullfrog
    60 | D        | Reached skill level 5 in Spellcasting
    60 | D        | Reached skill level 7 in Fire Magic
    60 | D        | Reached XP level 3. HP: 19/19 MP: 6/11
    60 | D        | Reached XP level 4. HP: 24/24 MP: 7/13
    64 | D        | Learned a level 3 spell: Conjure Flame
    68 | D        | Learned a level 3 spell: Inner Flame
    73 | D        | Learned a level 4 spell: Sticky Flame
   109 | D        | Entered arena 3.
   109 | D        | Noticed a +5 trident of venom
   109 | D        | Noticed a deep elf pyromancer
   109 | D        | Noticed a deep elf pyromancer
   109 | D        | Found a transporter.
   111 | D        | Mangled by a +5 trident of venom

Illustrated notes

Levels and vault maps discovered:
D:        sprint_v [room_start, room_1, room_2, room_3, room_4, room_5, room_6,
          room_7, room_8, room_9, room_10, room_11, room_12, room_13, room_14,
          room_15, room_16, room_17, room_18, room_19, room_20, room_21,
          room_22, room_23, room_24, room_25, room_26, room_27]

Skill      XL: |  1  2 |
---------------+-------+-----
Fire Magic     | 4 7 |  7.3
Dodging        | 4 |  4.1
Stealth        | 3 |  3.9
Spellcasting   | 5 |  5.3
Conjurations   | |  1.3
Evocations     | |  0.9

Action                   |  1- 3 |  4- 6 || total
-------------------------+-------+-------++-------
 Cast: Sticky Flame      |       |     1 ||     1
Evoke: Lightning rod     |     2 |       ||     2
       Wand              |     1 |     1 ||     2
Armor: Robe              |       |     1 ||     1
Dodge: Dodged            |     1 |       ||     1

Table legend: (Time is in decaauts)
 A = Elapsed time spent in this place.
 B = Non-inter-level travel time spent in this place.
 C = Inter-level travel time spent in this place.
 D = Time resting spent in this place.
 E = Time spent auto-exploring this place.
 F = Levels seen in this place.
 G = Mean time per level.
                   A        B        C        D        E       F      G
               +--------+--------+--------+--------+--------+-----+--------+
         Total |    109 |    109 |      0 |     31 |      0 |   1 |  109.0 |
       Dungeon |    109 |    109 |      0 |     31 |      0 |   1 |  109.0 |
               +--------+--------+--------+--------+--------+-----+--------+

Top non-repeatable levels by time:
       D: 109 daAuts
